 Dungeon Crawl Stone Soup version 0.28-a0-1638-g9123634e07 (webtiles) character file.

Game seed: 9602166653848223465

7182 kae the Grappler (level 10, -9/126 HPs)
             Began as a Green Draconian Transmuter on Jan 25, 2022.
             Killed by vampiric draining
             ... invoked by a vampire
              (12 damage)
             ... on level 10 of the Dungeon.
             The game lasted 00:06:53 (12586 turns).

kae the Grappler (Green Draconian Transmuter)      Turns: 12586, Time: 00:06:54

Health: -9/126     AC: 25    Str: 28    XL:     10   Next: 86%
Magic:  18/18      EV:  2    Int: 15    God:
Gold:   495        SH:  0    Dex: 11    Spells: 12/20 levels left

rFire   . . .      SeeInvis .     - Unarmed
rCold   . . .      Faith    .   (no shield)
rNeg    . . .      Spirit   .   (armour unavailable)
rPois   +          Reflect  .   (helmet currently unavailable)
rElec   .          Harm     .   (cloak currently unavailable)
rCorr   .          Rampage  .   (gloves currently unavailable)
Will    .....      NoTele   +   (boots currently unavailable)
Stlth   +.........              (no amulet)
HPRegen 0.31/turn               b - +6 ring of strength
MPRegen 0.16/turn               g - +6 ring of strength

@: tree-form
A: stationary, stasis, torment immunity, boosted hp, (breathe noxious fumes), AC
+7, unfitting armour, (poison resistance), (cold-blooded)
a: no special abilities


You were on level 10 of the Dungeon.
You were a tree.
You visited 2 branches of the dungeon, and saw 11 of its levels.

You collected 495 gold pieces.

Inventory:

Missiles
 i - 3 throwing nets
Armour
 k - a +1 pair of boots (melded)
Jewellery
 b - a +6 ring of strength (left branch)
 g - a +6 ring of strength (right branch)
 o - a ring of wizardry
Wands
 d - a wand of iceblast (8)
 f - a wand of flame (36)
 n - a wand of mindburst (19)
 w - a wand of acid (8)
Scrolls
 a - a scroll of amnesia
 j - 2 scrolls of fog
 m - 2 scrolls of enchant armour
 q - a scroll of teleportation
 r - 2 scrolls of identify
 t - a scroll of brand weapon
 y - a scroll of blinking
Potions
 c - a potion of degeneration
 e - 2 potions of curing
 h - 3 potions of mutation
 p - a potion of berserk rage
 s - a potion of flight
 u - a potion of ambrosia
 v - a potion of cancellation
 x - a potion of invisibility


   Skills:
 + Level 6.6 Fighting
 + Level 5.6 Dodging
 * Level 9.1 Unarmed Combat
 + Level 5.8 Spellcasting
 * Level 8.6 Transmutations
 - Level 5.0 Ice Magic
 - Level 2.4 Poison Magic


You had 12 spell levels left.
You knew the following spells:

 Your Spells              Type           Power      Damage    Failure   Level
a - Beastly Appendage     Tmut           60%        N/A       1%          1
b - Spider Form           Tmut/Pois      21%        N/A       4%          3
c - Ice Form              Ice/Tmut       24%        N/A       9%          4

Your spell library contained the following spells:

 Spells                   Type           Power      Damage    Failure   Level
 Wereblood                Tmut           30%        N/A       1%          2
 Ignite Poison            Fire/Tmut/Pois 15%        N/A       10%         3
 Mephitic Cloud           Conj/Pois/Air  6%         N/A       32%         3
 Tukima's Dance           Hex            4%         N/A       41%         3
 Yara's Violent Unravell  Hex/Tmut       8%         3d5       56%         5
 Passage of Golubria      Tloc           4%         N/A       83%         4
 Freezing Cloud           Conj/Ice/Air   4%         6-21      91%         5


Dungeon Overview and Level Annotations

Branches:
Dungeon (10/15)            Temple (1/1) D:6            Lair (0/6) D:9
    Orc: D:9-12

Altars:
Ashenzari
Cheibriados
Dithmenos
Elyvilon
Fedhas
Hepliaklqana
Kikubaaqudgha
Makhleb
Okawaru
Qazlal
Sif Muna
Trog
Uskayaw
Vehumet
Wu Jian
Yredelemnul
Zin
The Shining One

Annotations:
D:8 2 transporters, wilfster70's ghost, novice DjCj
D:9 3 runed translucent doors, Yorgos's ghost, novice GnBe


Innate Abilities, Weirdness & Mutations

You are a tree.
Your roots penetrate the ground, keeping you stationary.
You cannot be teleported.
You are immune to unholy pain and torment.
Your maximum health is greatly increased.
Your equipment is partially melded.
((You can breathe blasts of noxious fumes.))
((Your lurid green scales are hard. (AC +7)))
You cannot fit into any form of body armour.
((Your system is resistant to poisons. (rPois)))
((You are cold-blooded and may be slowed by cold attacks.))


Message History

* * * LOW HITPOINT WARNING * * *
Something bites you.
* * * LOW HITPOINT WARNING * * *
Something draws strength from your injuries!
Really quaff the potion of lignification?
You warm up again.
Your +1 pair of boots unmelds from your body.
You turn into a tree.
Your +1 pair of boots melds into your body.
Your roots penetrate the ground.
Something hits you but does no damage. Something bites you but does no damage.
You are confused.
You feel invigorated. Something hits you but does no damage.
Something bites you but does no damage.
You swing at nothing.
You swing at nothing.
Something hits you but does no damage. Something bites you!
* * * LOW HITPOINT WARNING * * *
Something draws strength from your injuries!
You attack the rock wall.
Something hits you but does no damage. Something bites you but does no damage.
You swing at nothing.
Something hits you.
* * * LOW HITPOINT WARNING * * *
Something bites you but does no damage.
You attack the rock wall.
Something hits you.
* * * LOW HITPOINT WARNING * * *
Something bites you but does no damage.
You attack the closed door.
You feel less invigorated.
You feel less confused. Something hits you but does no damage.
Something bites you but does no damage.
You closely miss something. You pummel something!!
Something hits you but does no damage. Something bites you but does no damage.
You cannot move.
You completely miss something. Something draws life force from you!
* * * LOW HITPOINT WARNING * * *
You barely miss something. Something hits you but does no damage.
Something completely misses you.
You hit something. Something draws life force from you!
You die...

############
#..........#
#..........#
###..........#
+♣#.......<..#
#.{..........#
###..........#
#..........#
#.......[..#
#..........#
#..........#
#..........#
#..........#


There were no monsters in sight!

Vanquished Creatures
  A two-headed ogre (D:10)
  2 centaur zombies
  A komodo dragon (D:9)
  A hornet (D:9)
  2 wyverns
  9 yaks
  Eustachio (D:6)
  2 steam dragons
  Grum (D:10)
  An acid dragon (D:10)
  A water moccasin (D:9)
  A sky beast (D:7)
  3 ice beasts
  A black bear (D:6)
  A necrophage (D:6)
  7 centaurs
  4 wolves (D:10)
  4 bullfrogs
  Blork the orc (D:5)
  2 scorpions (D:5)
  3 wyvern zombies
  6 killer bees
  4 wights (D:9)
  A howler monkey (D:4)
  2 jellies
  A gnoll shaman (D:5)
  4 hounds
  3 orc priests
  Jessica (D:2)
  9 iguanas
  Terence (D:2)
  Natasha (thrice) (D:4)
  2 orc wizards
  A hound zombie (D:5)
  5 gnolls (D:5)
  9 adders
  A shadow imp (D:6)
  A white imp (D:7)
  2 worms
  2 dart slugs
  16 orcs
  9 endoplasms
  3 giant cockroaches
  4 goblins
  5 hobgoblins
  2 jackals (D:2)
  6 quokkas
  6 ball pythons
  5 bats
  9 frilled lizards
  6 kobolds
  4 rats
182 creatures vanquished.

Vanquished Creatures (others)
  5 plants (D:9)
5 creatures vanquished.

Grand Total: 187 creatures vanquished

Notes
Turn   | Place    | Note
-------+----------+-------------------------------------------
     0 | D:1      | kae the Draconian Transmuter began the quest for the Orb.
     0 | D:1      | Reached XP level 1. HP: 16/16 MP: 3/3
   399 | D:1      | Reached XP level 2. HP: 22/23 MP: 3/5
  1243 | D:2      | Reached XP level 3. HP: 26/28 MP: 4/6
  1247 | D:2      | Learned a level 3 spell: Spider Form
  1740 | D:2      | Noticed Jessica
  1773 | D:2      | Killed Jessica
  1774 | D:2      | Reached XP level 4. HP: 22/36 MP: 5/7
  1946 | D:2      | Noticed a necrophage
  2450 | D:2      | Reached skill level 1 in Poison Magic
  2535 | D:2      | Noticed Terence
  2547 | D:2      | Killed Terence
  2717 | D:2      | Reached XP level 5. HP: 17/41 MP: 4/8
  3072 | D:3      | Reached skill level 4 in Unarmed Combat
  3281 | D:3      | Found a faded altar of an unknown god.
  3530 | D:3      | Found a glowing silver altar of Zin.
  3825 | D:4      | Noticed an ice beast
  3837 | D:4      | Killed an ice beast
  3838 | D:4      | Reached XP level 6. HP: 50/50 MP: 9/9
  3946 | D:4      | Learned a level 4 spell: Ice Form
  4327 | D:4      | Noticed Natasha
  4356 | D:5      | Entered Level 5 of the Dungeon
  4573 | D:4      | Killed Natasha
  4605 | D:4      | Reached skill level 1 in Ice Magic
  4733 | D:4      | Your scales start taking on a lurid green colour.
  4733 | D:4      | Reached XP level 7. HP: 51/57 MP: 9/11
  4733 | D:4      | Gained mutation: Your system is resistant to poisons.
                  | (rPois) [Green Draconian growth]
  4822 | D:4      | Noticed Natasha
  4831 | D:4      | Killed Natasha
  4963 | D:4      | Noticed Natasha
  4974 | D:4      | Killed Natasha
  5714 | D:5      | Reached skill level 5 in Unarmed Combat
  6003 | D:5      | HP: 1/57 [centaur warrior zombie (9)]
  6005 | D:5      | Reached XP level 8. HP: 2/66 MP: 9/13
  6011 | D:5      | Reached skill level 5 in Transmutations
  6373 | D:5      | Found a broken altar of Ashenzari.
  6917 | D:5      | Noticed Blork the orc
  6925 | D:5      | Killed Blork the orc
  7221 | D:6      | Reached skill level 6 in Unarmed Combat
  7572 | D:6      | Found a staircase to the Ecumenical Temple.
  7595 | Temple   | Entered the Ecumenical Temple
  8048 | D:6      | Noticed Eustachio
  8063 | D:6      | Killed Eustachio
  8215 | D:6      | Reached XP level 9. HP: 72/72 MP: 10/15
  9230 | D:7      | Reached skill level 5 in Ice Magic
  9615 | D:8      | Found an ornate altar of the Wu Jian Council.
  9630 | D:8      | Reached skill level 7 in Unarmed Combat
  9635 | D:8      | Reached skill level 5 in Fighting
 10001 | D:8      | Found a hazy altar of Hepliaklqana.
 10062 | D:8      | Noticed a moth of wrath
 10063 | D:8      | Noticed a two-headed ogre
 10074 | D:8      | Noticed wilfster70's ghost (novice DjCj)
 10251 | D:8      | Found a transporter.
 10254 | D:8      | Found a transporter.
 10255 | D:8      | Found a bloodstained altar of Trog.
 10571 | D:9      | Found a runed translucent gate.
 10572 | D:9      | Found a runed translucent gate.
 10572 | D:9      | Noticed Yorgos's ghost (novice GnBe)
 10574 | D:9      | Found a runed translucent gate.
 10574 | D:9      | Noticed a deep elf knight
 10574 | D:9      | Noticed a gargoyle
 10577 | D:9      | Noticed a two-headed ogre
 10608 | D:9      | Reached XP level 10. HP: 79/83 MP: 17/17
 10611 | D:9      | Reached skill level 5 in Spellcasting
 10614 | D:9      | Found a staircase to the Lair.
 10813 | D:9      | Reached skill level 8 in Unarmed Combat
 11094 | D:9      | Reached skill level 5 in Dodging
 11596 | D:10     | Entered Level 10 of the Dungeon
 11920 | D:10     | Noticed Grum
 11936 | D:10     | Killed Grum
 12085 | D:10     | Noticed a two-headed ogre
 12091 | D:10     | Killed a two-headed ogre
 12400 | D:10     | Reached skill level 9 in Unarmed Combat
 12570 | D:10     | HP: 5/100 [something (8)]
 12584 | D:10     | HP: 2/126 [something (16)]
 12586 | D:10     | Killed from afar by a vampire

Illustrated notes

Levels and vault maps discovered:
D:1:      dpeg_arrival_tiny_c, layout_loops_ring
D:2:      layout_basic, lightli_corner_chamber, uniq_terence, uniq_jessica
D:3:      layout_loops_cross, mainiacjoe_overflow_alcove_2,
          basic_ecumenical_altar
D:4:      layout_cave_pools, uniq_natasha
D:5:      layout_basic, mainiacjoe_overflow_brackets, uniq_blork_the_orc
D:6:      layout_loops_ring, minmay_temple_entry_waves, uniq_eustachio
D:7:      layout_loops_ring
D:8:      layout_basic, mainiacjoe_overflow_24_doors,
          mainiacjoe_overflow_surrounded_room, gammafunk_ghost_wrathful_warriors
D:9:      layout_basic, lair_entry_dummy, gammafunk_ghost_split,
          minmay_lizard_king
D:10:     layout_roguey, mainiacjoe_overflow_cross_hatched,
          grunt_temple_overflow_opulence, led_xom_imps, st_stairs_10,
          kennysheep_donut, uniq_grum
Temple:   dpeg_chambers_temple

Skill      XL: |  1  2  3  4  5  6  7  8  9 10 |
---------------+-------------------------------+-----
Dodging        | 2 3 4 5 |  5.6
Fighting       | 2 3 4 5 6 |  6.6
Poison Magic   | 1 2 |  2.4
Transmutations | 3 4 5 7 8 |  8.6
Unarmed Combat | 4 5 6 7 9 |  9.1
Ice Magic      | 1 2 4 5 |  5.0
Spellcasting   | 3 4 5 |  5.8

Action                   |  1- 3 |  4- 6 |  7- 9 | 10-12 || total
-------------------------+-------+-------+-------+-------++-------
Melee: Unarmed           |   104 |   154 |   206 |   110 ||   574
       Tailslap          |    14 |    10 |    10 |     3 ||    37
       Kick              |    16 |    20 |     5 |       ||    41
       Headbutt          |    10 |    10 |       |       ||    20
       Punch             |     1 |     4 |     3 |       ||     8
 Cast: Beastly Appendage |    23 |    25 |     4 |       ||    52
       Spider Form       |       |     5 |    17 |       ||    22
       Ice Form          |       |       |    19 |    13 ||    32
 Abil: Breathe Noxious F |       |       |     1 |       ||     1
       End Transformatio |       |       |     1 |       ||     1
  Use: Scroll            |       |     9 |    12 |       ||    21
       Potion            |       |     1 |     2 |     5 ||     8
 Stab: Sleeping          |     1 |     1 |       |       ||     2
Armor: Skin              |    42 |    42 |    63 |    44 ||   191
Dodge: Dodged            |    59 |   116 |   179 |    54 ||   408

Table legend: (Time is in decaauts)
 A = Elapsed time spent in this place.
 B = Non-inter-level travel time spent in this place.
 C = Inter-level travel time spent in this place.
 D = Time resting spent in this place.
 E = Time spent auto-exploring this place.
 F = Levels seen in this place.
 G = Mean time per level.
                   A        B        C        D        E       F      G
               +--------+--------+--------+--------+--------+-----+--------+
         Total |  12548 |  12260 |    288 |   1071 |   9636 |  11 | 1140.7 |
       Dungeon |  12118 |  11850 |    268 |   1071 |   9239 |  10 | 1211.8 |
        Temple |    430 |    410 |     20 |      0 |    397 |   1 |  430.0 |
               +--------+--------+--------+--------+--------+-----+--------+

Top non-repeatable levels by time:
     D:5: 1936 daAuts
     D:2: 1745 daAuts
     D:4: 1461 daAuts
     D:1: 1218 daAuts
     D:9: 1143 daAuts
    D:10: 978 daAuts
     D:6: 958 daAuts
     D:7: 948 daAuts
     D:8: 885 daAuts
     D:3: 842 daAuts
  Temple: 430 daAuts
